General information
			
			
        
        - name: BNet
 
        - type: Ladder team game (AT/RT)
 
        - host: Battle.net
 
        - saver: Chopstix
 
        
map: Friends 
        - players: 8
 
        - length: 60:09
 
        - speed: Fast
 - version: 1.22 W3XP
 - replay type:  Public
 
» download(455 KB)
Players
        team 1 (loser) 
              
              
cakeisgood (
pink | 49 APM | 2146 actions | 43:46)
              
 4 Demon Hunter 
 2 Mana Burn
 2 Evasion
 4 Keeper of the Grove 
 2 Entangling Roots
 2 Thorns Aura
 
                » actions 
                
                | Assign group hotkey | 79 |  | 
| Basic commands | 294 |  | 
| Build / train | 105 |  | 
| ESC pressed | 14 |  | 
| Enter build submenu | 21 |  | 
| Enter hero's abilities submenu | 8 |  | 
| Right click | 1018 |  | 
| Select / deselect | 334 |  | 
| Select group hotkey | 140 |  | 
| Use ability | 133 |  | 
                2146 total
 » units 
                
                | Wisp | 40 |  | 
| Huntress | 7 |  | 
| Glaive Thrower | 13 |  | 
| Archer | 1 |  | 
| Hippogryph | 5 |  | 
| Chimaera | 11 |  | 
| Druid of the Talon | 3 |  | 
                80 total
 » upgrades
                
                | Ultravision | 1 |  | 
| Strength of the Moon | 1 |  | 
| Moon Armor | 1 |  | 
| Vorpal Blades | 1 |  | 
| Sentinel | 1 |  | 
| Strength of the Wild | 1 |  | 
| Reinforced Hides | 1 |  | 
| Corrosive Breath | 1 |  | 
                8 total
 » buildings
                
                | Altar of Elders | 1 |  | 
| Moon Well | 10 |  | 
| Ancient of War | 3 |  | 
| Hunter's Hall | 1 |  | 
| Tree of Ages | 2 |  | 
| Tree of Eternity | 3 |  | 
| Ancient of Wind | 2 |  | 
| Chimaera Roost | 2 |  | 
| Tree of Life | 1 |  | 
| Ancient of Wonders | 1 |  | 
                26 total
 » build order
                00:10 Altar of Elders
00:20 Moon Well
01:58 Ancient of War
02:02 Ancient of War
02:07 Hunter's Hall
02:10 Moon Well
02:52 Moon Well
04:17 Tree of Ages
04:18 Ancient of War
07:07 Tree of Eternity
07:30 Moon Well
09:01 Moon Well
09:02 Moon Well
09:03 Moon Well
21:51 Ancient of Wind
21:53 Moon Well
21:53 Moon Well
23:30 Tree of Eternity
23:30 Tree of Eternity
23:34 Ancient of Wind
25:53 Chimaera Roost
25:55 Chimaera Roost
27:16 Tree of Life
28:46 Moon Well
33:22 Tree of Ages
37:56 Ancient of Wonders
» items
                 
               
              
              
Kaos.Crim (
red | 33 APM | 1992 actions | 59:53)
              
 7 Priestess of the Moon 
 3 Searing Arrows
 3 Trueshot Aura
 1 Starfall
 
                » actions 
                
                | Assign group hotkey | 44 |  | 
| Basic commands | 54 |  | 
| Build / train | 109 |  | 
| Enter build submenu | 21 |  | 
| Enter hero's abilities submenu | 7 |  | 
| Remove unit from queue | 3 |  | 
| Right click | 793 |  | 
| Select / deselect | 733 |  | 
| Select group hotkey | 124 |  | 
| Use ability | 104 |  | 
                1992 total
 » units 
                
                | Wisp | 11 |  | 
| Huntress | 7 |  | 
| Glaive Thrower | 10 |  | 
| Faerie Dragon | 1 |  | 
| Druid of the Talon | 13 |  | 
| Chimaera | 11 |  | 
| Hippogryph | 10 |  | 
| Archer | 3 |  | 
                66 total
 » upgrades
                
                | Ultravision | 1 |  | 
| Strength of the Moon | 3 |  | 
| Vorpal Blades | 1 |  | 
| Druid of the Talon Training | 2 |  | 
| Strength of the Wild | 4 |  | 
| Mark of the Talon | 1 |  | 
| Corrosive Breath | 1 |  | 
| Reinforced Hides | 2 |  | 
| Moon Armor | 1 |  | 
| Improved Bows | 1 |  | 
| Marksmanship | 1 |  | 
                18 total
 » buildings
                
                | Altar of Elders | 1 |  | 
| Moon Well | 10 |  | 
| Hunter's Hall | 1 |  | 
| Ancient of War | 2 |  | 
| Ancient of Wonders | 1 |  | 
| Tree of Ages | 1 |  | 
| Ancient of Wind | 2 |  | 
| Tree of Eternity | 1 |  | 
| Chimaera Roost | 2 |  | 
                21 total
 » build order
                00:16 Altar of Elders
00:22 Moon Well
00:50 Hunter's Hall
01:05 Ancient of War
01:26 Ancient of War
01:49 Moon Well
03:32 Moon Well
03:47 Ancient of Wonders
04:16 Moon Well
06:03 Moon Well
06:25 Tree of Ages
07:40 Moon Well
08:59 Ancient of Wind
08:59 Ancient of Wind
09:16 Moon Well
13:18 Tree of Eternity
21:06 Chimaera Roost
23:14 Chimaera Roost
23:18 Moon Well
30:26 Moon Well
36:24 Moon Well
» items
                
                | Dust of Appearance | 6 |  | 
| Potion of Healing | 2 |  | 
| Scroll of Town Portal | 3 |  | 
                11 total
  
               
              
              
madscottsman (
yellow | 39 APM | 2321 actions | 59:57)
              
 6 Far Seer 
 2 Feral Spirit
 3 Chain Lighting
 1 Earth Quake
 4 Shadow Hunter 
 2 Hex
 2 Healing Wave
 
                » actions 
                
                | Assign group hotkey | 6 |  | 
| Basic commands | 7 |  | 
| Build / train | 156 |  | 
| Enter build submenu | 59 |  | 
| Enter hero's abilities submenu | 10 |  | 
| Remove unit from queue | 3 |  | 
| Right click | 951 |  | 
| Select / deselect | 829 |  | 
| Select group hotkey | 174 |  | 
| Use ability | 126 |  | 
                2321 total
 » units 
                
                | Peon | 51 |  | 
| Wind Rider | 22 |  | 
| Demolisher | 16 |  | 
| Troll Batrider | 39 |  | 
                128 total
 » upgrades
                
                | Envenomed Spears | 1 |  | 
| Burning Oil | 1 |  | 
| Liquid Fire | 1 |  | 
| Ranged Weapons | 3 |  | 
| Armor | 2 |  | 
| Spiked Barricades | 1 |  | 
                9 total
 » buildings
                
                | Altar of Storms | 2 |  | 
| Orc Burrow | 10 |  | 
| War Mill | 2 |  | 
| Stronghold | 1 |  | 
| Watch Tower | 37 |  | 
| Beastiary | 2 |  | 
| Barracks | 1 |  | 
| Fortress | 1 |  | 
| Voodoo Lounge | 1 |  | 
| Great Hall | 2 |  | 
| Tree of Life | 1 |  | 
                60 total
 » build order
                00:16 Altar of Storms
00:21 Orc Burrow
00:58 War Mill
01:35 Orc Burrow
02:45 Stronghold
03:31 Orc Burrow
03:34 Watch Tower
03:55 Watch Tower
05:02 Orc Burrow
05:11 Watch Tower
06:09 Beastiary
06:27 Watch Tower
07:21 War Mill
07:34 Barracks
08:04 Watch Tower
08:43 Fortress
10:26 Orc Burrow
10:57 Orc Burrow
11:57 Orc Burrow
12:13 Watch Tower
13:18 Beastiary
15:49 Orc Burrow
17:52 Voodoo Lounge
22:48 Watch Tower
22:53 Watch Tower
27:18 Great Hall
27:23 Watch Tower
27:54 Watch Tower
28:51 Watch Tower
29:43 Watch Tower
30:50 Watch Tower
30:52 Watch Tower
32:05 Watch Tower
32:06 Watch Tower
33:31 Watch Tower
33:34 Watch Tower
35:55 Watch Tower
43:17 Great Hall
45:18 Tree of Life
46:42 Watch Tower
48:49 Watch Tower
48:51 Watch Tower
49:56 Watch Tower
49:57 Watch Tower
50:27 Watch Tower
50:30 Watch Tower
50:32 Watch Tower
50:33 Watch Tower
52:19 Altar of Storms
53:28 Watch Tower
53:30 Watch Tower
53:32 Watch Tower
54:17 Watch Tower
54:38 Watch Tower
55:11 Watch Tower
55:15 Watch Tower
56:21 Watch Tower
56:23 Watch Tower
56:32 Orc Burrow
57:41 Orc Burrow
» items
                
                | Scroll of Town Portal | 2 |  | 
| Orb of Lightning | 1 |  | 
                3 total
  
               
              
              
rabid_possumsex (
orange | 99 APM | 5962 actions | 60:04)
              
 7 Death Knight 
 3 Death Coil
 3 Unholy Aura
 1 Animate Dead
 6 Lich 
 3 Frost Nova
 2 Dark Ritual
 1 Death and Decay
 
                » actions 
                
                | Assign group hotkey | 63 |  | 
| Basic commands | 102 |  | 
| Build / train | 141 |  | 
| ESC pressed | 10 |  | 
| Enter build submenu | 52 |  | 
| Enter hero's abilities submenu | 13 |  | 
| Remove unit from queue | 1 |  | 
| Right click | 2528 |  | 
| Select / deselect | 788 |  | 
| Select group hotkey | 2048 |  | 
| Use ability | 216 |  | 
                5962 total
 » units 
                
                | Acolyte | 26 |  | 
| Ghoul | 6 |  | 
| Necromancer | 17 |  | 
| Obsidian Statue | 1 |  | 
| Meatwagon | 6 |  | 
| Crypt Fiend | 14 |  | 
| Frost Wyrm | 15 |  | 
| Wisp | 4 |  | 
                89 total
 » upgrades
                
                | Creature Attack | 4 |  | 
| Unholy Strength | 2 |  | 
| Necromancer Training | 2 |  | 
| Exhume Corpses | 1 |  | 
| Skeletal Longevity | 1 |  | 
| Web | 2 |  | 
| Skeletal Mastery | 1 |  | 
| Freezing Breath | 1 |  | 
| Creature Carapace | 3 |  | 
                17 total
 » buildings
                
                | Altar of Darkness | 1 |  | 
| Ziggurat | 21 |  | 
| Crypt | 1 |  | 
| Nerubian Tower | 3 |  | 
| Graveyard | 1 |  | 
| Halls of the Dead | 1 |  | 
| Tomb of Relics | 2 |  | 
| Temple of the Damned | 2 |  | 
| Slaughterhouse | 2 |  | 
| Sacrificial Pit | 3 |  | 
| Black Citadel | 1 |  | 
| Boneyard | 3 |  | 
| Spirit Tower | 4 |  | 
| Necropolis | 1 |  | 
                46 total
 » build order
                00:32 Altar of Darkness
00:36 Ziggurat
01:36 Crypt
03:40 Nerubian Tower
04:18 Graveyard
04:47 Halls of the Dead
04:50 Ziggurat
04:54 Tomb of Relics
04:58 Ziggurat
06:30 Ziggurat
06:58 Ziggurat
07:09 Temple of the Damned
07:10 Slaughterhouse
07:13 Temple of the Damned
07:14 Slaughterhouse
10:17 Sacrificial Pit
13:22 Black Citadel
14:21 Ziggurat
16:27 Boneyard
17:38 Spirit Tower
19:01 Boneyard
19:02 Boneyard
30:04 Necropolis
30:11 Ziggurat
31:03 Ziggurat
31:04 Ziggurat
31:29 Ziggurat
32:33 Ziggurat
36:29 Sacrificial Pit
36:54 Sacrificial Pit
37:19 Nerubian Tower
41:03 Ziggurat
41:06 Ziggurat
41:07 Ziggurat
41:09 Ziggurat
41:14 Spirit Tower
42:58 Nerubian Tower
42:59 Spirit Tower
43:42 Ziggurat
43:44 Ziggurat
44:37 Spirit Tower
55:37 Tomb of Relics
59:30 Ziggurat
59:32 Ziggurat
59:35 Ziggurat
59:37 Ziggurat
» items
                
                | Dust of Appearance | 1 |  | 
| Orb of Corruption | 1 |  | 
| Scroll of Town Portal | 5 |  | 
| Potion of Mana | 1 |  | 
| Scroll of Speed | 1 |  | 
| Potion of Healing | 1 |  | 
                10 total
  
               team 2 (winner) 
              
              
blueflagon (
teal | 61 APM | 3685 actions | 60:04)
              
 10 Blademaster 
 3 Wind Walk
 3 Critical Strike
 1 Bladestorm
 3 Mirror Image
 
                » actions 
                
                | Assign group hotkey | 50 |  | 
| Basic commands | 15 |  | 
| Build / train | 113 |  | 
| Enter build submenu | 43 |  | 
| Enter hero's abilities submenu | 11 |  | 
| Give item / drop item | 18 |  | 
| Remove unit from queue | 1 |  | 
| Right click | 2101 |  | 
| Select / deselect | 522 |  | 
| Select group hotkey | 392 |  | 
| Use ability | 418 |  | 
                3685 total
 » units 
                
                | Peon | 10 |  | 
| Wind Rider | 8 |  | 
| Troll Batrider | 31 |  | 
| Demolisher | 1 |  | 
| Goblin Shredder | 1 |  | 
                51 total
 » upgrades
                
                | Ranged Weapons | 2 |  | 
| Armor | 1 |  | 
| Liquid Fire | 1 |  | 
| Spiked Barricades | 1 |  | 
                5 total
 » buildings
                
                | Altar of Storms | 1 |  | 
| Orc Burrow | 5 |  | 
| War Mill | 2 |  | 
| Voodoo Lounge | 1 |  | 
| Watch Tower | 38 |  | 
| Stronghold | 1 |  | 
| Beastiary | 2 |  | 
| Fortress | 1 |  | 
| Barracks | 1 |  | 
| Great Hall | 1 |  | 
                53 total
 » build order
                00:13 Altar of Storms
00:26 Orc Burrow
01:06 War Mill
01:33 Voodoo Lounge
02:21 Watch Tower
02:24 Watch Tower
02:50 Watch Tower
03:44 Stronghold
04:07 Watch Tower
04:10 Watch Tower
04:15 Watch Tower
04:53 Watch Tower
04:54 Watch Tower
04:56 Watch Tower
06:06 Beastiary
06:11 Orc Burrow
06:11 Orc Burrow
06:20 Orc Burrow
06:52 Beastiary
07:51 Orc Burrow
07:55 Watch Tower
07:56 Watch Tower
15:45 Watch Tower
15:45 Watch Tower
15:46 Watch Tower
15:47 Watch Tower
15:48 Watch Tower
15:48 Watch Tower
15:51 Watch Tower
19:10 Fortress
23:05 Watch Tower
23:06 Watch Tower
23:06 Watch Tower
23:07 Watch Tower
23:07 Watch Tower
23:08 Watch Tower
27:45 Watch Tower
27:46 Watch Tower
27:46 Watch Tower
27:57 Watch Tower
27:58 Watch Tower
27:58 Watch Tower
27:59 Watch Tower
29:46 Watch Tower
29:46 Watch Tower
36:24 Barracks
36:30 Watch Tower
36:30 Watch Tower
36:31 Watch Tower
36:31 Watch Tower
52:08 War Mill
52:26 Great Hall
» items
                
                | Healing Salve | 7 |  | 
| Lesser Clarity Potion | 16 |  | 
| Scroll of Speed | 4 |  | 
| Boots of Quel'Thalas +6 | 3 |  | 
| Inferno Stone | 1 |  | 
| Scroll of Regeneration | 1 |  | 
| Potion of Healing | 2 |  | 
| Potion of Mana | 4 |  | 
| Runed Bracers | 1 |  | 
| Orb of Lightning | 1 |  | 
| Potion of Restoration | 1 |  | 
| Belt of Giant Strength +6 | 1 |  | 
| Scourge Bone Chimes | 1 |  | 
                43 total
  
               
              
              
Chopstix (
blue | 71 APM | 4250 actions | 60:09)
              
 5 Tauren Chieftain 
 3 Shockwave
 2 Endurance Aura
 9 Blademaster 
 3 Wind Walk
 3 Critical Strike
 1 Bladestorm
 2 Mirror Image
 
                » actions 
                
                | Assign group hotkey | 29 |  | 
| Basic commands | 62 |  | 
| Build / train | 193 |  | 
| ESC pressed | 2 |  | 
| Enter build submenu | 129 |  | 
| Enter hero's abilities submenu | 15 |  | 
| Give item / drop item | 7 |  | 
| Remove unit from queue | 5 |  | 
| Right click | 1720 |  | 
| Select / deselect | 498 |  | 
| Select group hotkey | 894 |  | 
| Use ability | 695 |  | 
                4250 total
 » units 
                
                | Peon | 53 |  | 
| Troll Batrider | 32 |  | 
| Goblin Shredder | 1 |  | 
| Forest Troll Shadow Priest | 1 |  | 
| Forest Troll Berserker | 1 |  | 
| Mud Golem | 1 |  | 
| Ogre Mauler | 1 |  | 
                90 total
 » upgrades
                
                | Spiked Barricades | 1 |  | 
| Ranged Weapons | 3 |  | 
| Liquid Fire | 1 |  | 
| Armor | 1 |  | 
| Reinforced Defenses | 1 |  | 
                7 total
 » buildings
                
                | Altar of Storms | 1 |  | 
| Orc Burrow | 4 |  | 
| War Mill | 6 |  | 
| Voodoo Lounge | 2 |  | 
| Watch Tower | 112 |  | 
| Stronghold | 3 |  | 
| Beastiary | 4 |  | 
| Great Hall | 3 |  | 
| Fortress | 1 |  | 
                136 total
 » build order
                00:08 Altar of Storms
00:12 Orc Burrow
01:00 War Mill
01:27 Voodoo Lounge
01:53 Orc Burrow
02:36 Watch Tower
03:00 Watch Tower
03:26 Watch Tower
03:28 Watch Tower
03:55 Watch Tower
04:16 Watch Tower
04:43 Stronghold
04:44 Stronghold
05:02 Watch Tower
05:08 Watch Tower
05:52 Watch Tower
06:18 Watch Tower
06:24 Watch Tower
06:38 Orc Burrow
06:47 Watch Tower
06:52 Watch Tower
06:55 Watch Tower
06:59 Watch Tower
07:30 Beastiary
08:05 Beastiary
08:11 Watch Tower
08:20 Watch Tower
09:27 Watch Tower
09:58 Watch Tower
10:24 Orc Burrow
10:59 Watch Tower
11:44 Great Hall
12:08 Watch Tower
13:15 Watch Tower
13:22 Watch Tower
13:53 Fortress
14:56 Watch Tower
15:40 Watch Tower
16:56 Watch Tower
18:01 Watch Tower
19:02 Watch Tower
19:04 Watch Tower
20:30 Watch Tower
20:32 Watch Tower
20:37 Watch Tower
20:52 Watch Tower
20:54 Watch Tower
20:57 Watch Tower
20:59 Watch Tower
21:19 Watch Tower
21:27 Watch Tower
22:06 Beastiary
22:23 Watch Tower
22:24 Watch Tower
22:25 Watch Tower
22:27 Watch Tower
22:47 War Mill
24:10 Watch Tower
24:13 Watch Tower
24:17 Watch Tower
24:44 Watch Tower
24:45 Watch Tower
25:18 Watch Tower
25:21 Watch Tower
25:34 Watch Tower
26:43 Watch Tower
26:43 Watch Tower
26:44 Watch Tower
26:45 Watch Tower
26:56 War Mill
28:25 War Mill
29:00 Watch Tower
29:01 Watch Tower
29:02 Watch Tower
29:02 Watch Tower
29:02 Watch Tower
29:14 Watch Tower
29:15 Watch Tower
29:16 Watch Tower
29:16 Watch Tower
29:54 Watch Tower
29:54 Watch Tower
29:55 Watch Tower
29:55 Watch Tower
31:38 Watch Tower
31:40 Watch Tower
31:40 Watch Tower
31:41 Watch Tower
31:42 Watch Tower
31:50 Voodoo Lounge
33:26 Great Hall
33:32 War Mill
34:55 Watch Tower
34:57 Watch Tower
35:01 Watch Tower
35:01 Watch Tower
36:35 Watch Tower
38:43 Watch Tower
38:44 Watch Tower
39:07 Watch Tower
39:09 Watch Tower
39:23 Watch Tower
40:34 Watch Tower
40:35 Watch Tower
40:36 Watch Tower
42:49 Watch Tower
42:50 Watch Tower
43:35 Beastiary
46:31 Watch Tower
46:32 Watch Tower
46:32 Watch Tower
46:33 Watch Tower
49:06 Watch Tower
49:08 Watch Tower
49:15 Watch Tower
49:17 Watch Tower
50:24 War Mill
51:32 Watch Tower
51:34 Watch Tower
51:34 Watch Tower
51:35 Watch Tower
53:21 Watch Tower
53:24 Watch Tower
53:25 Watch Tower
53:25 Watch Tower
55:10 Watch Tower
55:11 Watch Tower
55:11 Watch Tower
55:20 Watch Tower
55:26 Watch Tower
56:00 Great Hall
58:56 Watch Tower
58:57 Watch Tower
58:59 Watch Tower
58:59 Watch Tower
» items
                
                | Healing Salve | 9 |  | 
| Lesser Clarity Potion | 35 |  | 
| Potion of Mana | 6 |  | 
| Orb of Lightning | 2 |  | 
| Scroll of Town Portal | 5 |  | 
| Inferno Stone | 2 |  | 
| Tiny Great Hall | 3 |  | 
| Potion of Healing | 3 |  | 
| Potion of Divinity | 1 |  | 
| Belt of Giant Strength +6 | 2 |  | 
| Health Stone | 1 |  | 
| Mana Stone | 1 |  | 
| Ankh of Reincarnation | 1 |  | 
                71 total
  
               
              
              
noinu (
green | 48 APM | 2886 actions | 60:04)
              
 8 Mountain King 
 3 Storm Bolt
 3 Bash
 1 Avatar
 1 Thunder Clap
 
                » actions 
                
                | Assign group hotkey | 39 |  | 
| Basic commands | 135 |  | 
| Build / train | 175 |  | 
| Enter build submenu | 68 |  | 
| Enter hero's abilities submenu | 8 |  | 
| Remove unit from queue | 8 |  | 
| Right click | 614 |  | 
| Select / deselect | 598 |  | 
| Select group hotkey | 1051 |  | 
| Use ability | 190 |  | 
                2886 total
 » units 
                
                | Peasant | 14 |  | 
| Mortar Team | 12 |  | 
| Flying Machine | 42 |  | 
                68 total
 » upgrades
                
                | Masonry | 3 |  | 
| Lumber Harvesting | 1 |  | 
| Gunpowder | 3 |  | 
| Flare | 1 |  | 
| Fragmentation Shards | 1 |  | 
| Armor | 3 |  | 
| Flak Cannons | 1 |  | 
| Magic Sentry | 1 |  | 
| Sorceress Training | 1 |  | 
| Plating | 1 |  | 
| Flying Machine Bombs | 1 |  | 
                17 total
 » buildings
                
                | Altar of Kings | 1 |  | 
| Farm | 13 |  | 
| Lumber Mill | 1 |  | 
| Scout Tower | 62 |  | 
| Arcane Tower | 3 |  | 
| Guard Tower | 39 |  | 
| Keep | 1 |  | 
| Arcane Vault | 1 |  | 
| Blacksmith | 1 |  | 
| Workshop | 3 |  | 
| Castle | 1 |  | 
| Arcane Sanctum | 1 |  | 
| Town Hall | 2 |  | 
                129 total
 » build order
                00:03 Altar of Kings
00:05 Farm
00:05 Farm
00:26 Lumber Mill
00:57 Scout Tower
01:25 Scout Tower
01:32 Scout Tower
01:43 Arcane Tower
01:58 Scout Tower
02:06 Guard Tower
02:07 Guard Tower
02:07 Guard Tower
02:07 Guard Tower
02:28 Scout Tower
02:36 Guard Tower
03:16 Guard Tower
03:20 Scout Tower
03:29 Scout Tower
03:51 Scout Tower
03:57 Scout Tower
04:13 Scout Tower
04:14 Arcane Tower
04:24 Guard Tower
04:28 Scout Tower
04:37 Scout Tower
04:38 Guard Tower
04:45 Guard Tower
04:47 Scout Tower
04:55 Scout Tower
05:07 Arcane Tower
06:08 Guard Tower
06:10 Keep
06:13 Scout Tower
06:15 Scout Tower
06:16 Scout Tower
06:20 Scout Tower
06:21 Scout Tower
06:23 Scout Tower
06:32 Scout Tower
06:47 Arcane Vault
06:52 Guard Tower
07:01 Blacksmith
07:37 Guard Tower
07:44 Guard Tower
07:48 Scout Tower
08:09 Scout Tower
08:15 Guard Tower
08:30 Scout Tower
08:30 Scout Tower
08:31 Scout Tower
08:44 Workshop
08:45 Workshop
08:47 Guard Tower
08:53 Farm
08:54 Farm
09:30 Guard Tower
10:31 Castle
10:38 Guard Tower
10:45 Scout Tower
10:45 Scout Tower
10:56 Farm
11:29 Guard Tower
13:00 Farm
13:51 Scout Tower
13:52 Guard Tower
15:54 Guard Tower
16:12 Scout Tower
16:17 Scout Tower
16:48 Scout Tower
16:49 Scout Tower
17:16 Arcane Sanctum
17:25 Farm
18:07 Guard Tower
18:13 Scout Tower
18:14 Scout Tower
21:18 Guard Tower
22:42 Scout Tower
22:43 Scout Tower
22:44 Scout Tower
22:45 Scout Tower
22:46 Scout Tower
24:01 Guard Tower
24:19 Guard Tower
24:39 Scout Tower
24:47 Scout Tower
28:49 Guard Tower
28:52 Scout Tower
29:19 Guard Tower
29:22 Scout Tower
29:25 Guard Tower
29:32 Town Hall
30:02 Scout Tower
30:10 Scout Tower
30:16 Scout Tower
30:20 Scout Tower
31:15 Farm
31:41 Guard Tower
31:48 Scout Tower
32:21 Guard Tower
32:25 Farm
32:56 Scout Tower
33:05 Guard Tower
35:52 Guard Tower
36:57 Scout Tower
36:58 Scout Tower
36:59 Scout Tower
37:00 Scout Tower
37:01 Scout Tower
37:03 Scout Tower
37:04 Scout Tower
37:05 Scout Tower
37:07 Scout Tower
37:57 Guard Tower
38:58 Guard Tower
39:04 Scout Tower
39:06 Scout Tower
39:12 Town Hall
40:01 Guard Tower
40:01 Guard Tower
40:03 Guard Tower
40:08 Scout Tower
45:39 Guard Tower
46:19 Farm
46:21 Farm
47:04 Farm
47:07 Farm
47:50 Workshop
48:08 Guard Tower
50:57 Guard Tower
» items
                
                | Lesser Clarity Potion | 4 |  | 
| Healing Salve | 1 |  | 
| Ivory Tower | 9 |  | 
| Potion of Healing | 2 |  | 
| Scroll of Regeneration | 5 |  | 
| Scroll of Town Portal | 8 |  | 
| Potion of Mana | 1 |  | 
                30 total
  
               
              
              
sylink (
purple | 77 APM | 4638 actions | 60:04)
              
 6 Archmage 
 2 Blizzard
 3 Brilliance Aura
 1 Mass Teleport
 6 Pandaren Brewmaster 
 3 Breath of Fire
 2 Drunken Brawler
 1 Storm Earth and Fire
 
                » actions 
                
                | Assign group hotkey | 36 |  | 
| Basic commands | 141 |  | 
| Build / train | 174 |  | 
| ESC pressed | 9 |  | 
| Enter build submenu | 98 |  | 
| Enter hero's abilities submenu | 12 |  | 
| Give item / drop item | 1 |  | 
| Right click | 1676 |  | 
| Select / deselect | 569 |  | 
| Select group hotkey | 1570 |  | 
| Use ability | 352 |  | 
                4638 total
 » units 
                
                | Peasant | 28 |  | 
| Mortar Team | 11 |  | 
| Flying Machine | 13 |  | 
| Sorceress | 2 |  | 
| Goblin Shredder | 1 |  | 
                55 total
 » upgrades
                
                | Masonry | 3 |  | 
| Gunpowder | 3 |  | 
| Lumber Harvesting | 1 |  | 
| Armor | 2 |  | 
| Fragmentation Shards | 1 |  | 
| Flare | 1 |  | 
| Magic Sentry | 1 |  | 
| Flak Cannons | 1 |  | 
| Flying Machine Bombs | 1 |  | 
| Plating | 3 |  | 
| Sorceress Training | 1 |  | 
                18 total
 » buildings
                
                | Altar of Kings | 1 |  | 
| Farm | 9 |  | 
| Lumber Mill | 3 |  | 
| Scout Tower | 147 |  | 
| Guard Tower | 62 |  | 
| Arcane Tower | 1 |  | 
| Keep | 1 |  | 
| Blacksmith | 1 |  | 
| Workshop | 3 |  | 
| Arcane Vault | 2 |  | 
| Town Hall | 2 |  | 
| Castle | 1 |  | 
| Cannon Tower | 1 |  | 
| Arcane Sanctum | 1 |  | 
                235 total
 » build order
                00:03 Altar of Kings
00:04 Farm
00:29 Lumber Mill
01:00 Scout Tower
01:31 Guard Tower
01:32 Scout Tower
01:39 Farm
02:00 Scout Tower
02:11 Guard Tower
02:13 Scout Tower
02:24 Scout Tower
02:34 Scout Tower
02:42 Arcane Tower
03:05 Scout Tower
03:24 Scout Tower
03:30 Guard Tower
03:40 Guard Tower
03:52 Scout Tower
03:54 Guard Tower
03:56 Scout Tower
04:01 Scout Tower
04:02 Scout Tower
04:18 Farm
04:25 Scout Tower
04:26 Scout Tower
04:28 Guard Tower
04:46 Guard Tower
05:00 Guard Tower
05:38 Scout Tower
05:40 Guard Tower
05:50 Keep
06:16 Scout Tower
06:17 Scout Tower
06:22 Lumber Mill
06:39 Scout Tower
06:40 Scout Tower
06:41 Scout Tower
06:42 Scout Tower
07:13 Scout Tower
07:14 Scout Tower
07:14 Scout Tower
07:14 Scout Tower
07:18 Guard Tower
07:22 Scout Tower
07:23 Scout Tower
07:56 Guard Tower
08:15 Guard Tower
08:18 Scout Tower
08:22 Guard Tower
09:18 Guard Tower
09:36 Blacksmith
10:14 Scout Tower
10:15 Scout Tower
10:21 Scout Tower
10:24 Scout Tower
10:45 Scout Tower
10:46 Scout Tower
10:58 Workshop
11:01 Guard Tower
11:11 Guard Tower
11:12 Scout Tower
11:18 Guard Tower
11:24 Scout Tower
12:28 Guard Tower
12:42 Farm
12:43 Farm
14:57 Scout Tower
14:57 Scout Tower
15:03 Scout Tower
15:03 Scout Tower
15:04 Scout Tower
16:05 Guard Tower
16:11 Arcane Vault
16:44 Guard Tower
17:11 Guard Tower
18:08 Town Hall
18:23 Scout Tower
18:24 Scout Tower
18:25 Scout Tower
18:55 Arcane Vault
18:57 Guard Tower
18:59 Scout Tower
19:00 Scout Tower
19:03 Scout Tower
19:03 Scout Tower
20:06 Guard Tower
20:08 Scout Tower
20:09 Scout Tower
20:14 Guard Tower
20:16 Scout Tower
20:50 Guard Tower
20:55 Scout Tower
20:55 Scout Tower
21:13 Guard Tower
21:21 Scout Tower
21:22 Scout Tower
21:24 Guard Tower
21:27 Scout Tower
21:27 Scout Tower
21:27 Scout Tower
21:59 Guard Tower
22:11 Scout Tower
22:13 Scout Tower
22:14 Scout Tower
22:16 Castle
22:36 Lumber Mill
22:41 Guard Tower
24:14 Workshop
24:14 Workshop
24:53 Guard Tower
25:14 Scout Tower
25:15 Scout Tower
25:17 Scout Tower
25:17 Scout Tower
26:42 Guard Tower
26:44 Scout Tower
26:44 Scout Tower
26:46 Scout Tower
27:07 Scout Tower
27:07 Scout Tower
27:24 Cannon Tower
27:52 Guard Tower
27:54 Scout Tower
27:54 Scout Tower
27:56 Scout Tower
27:57 Scout Tower
28:50 Guard Tower
28:52 Scout Tower
28:53 Scout Tower
29:18 Guard Tower
29:41 Arcane Sanctum
29:43 Guard Tower
29:50 Scout Tower
29:50 Scout Tower
29:51 Scout Tower
29:55 Scout Tower
30:40 Guard Tower
30:46 Guard Tower
31:04 Guard Tower
31:10 Scout Tower
31:12 Scout Tower
31:14 Scout Tower
31:26 Scout Tower
31:40 Guard Tower
31:42 Guard Tower
31:45 Scout Tower
31:47 Scout Tower
31:52 Scout Tower
31:55 Guard Tower
31:57 Scout Tower
31:59 Scout Tower
32:20 Scout Tower
32:21 Guard Tower
33:09 Guard Tower
33:37 Scout Tower
34:57 Scout Tower
34:57 Scout Tower
35:28 Farm
35:28 Farm
35:38 Guard Tower
36:31 Scout Tower
36:32 Scout Tower
37:42 Guard Tower
37:42 Scout Tower
37:43 Scout Tower
37:43 Scout Tower
37:44 Scout Tower
37:44 Scout Tower
37:58 Scout Tower
37:58 Scout Tower
38:22 Guard Tower
39:07 Guard Tower
39:18 Scout Tower
39:19 Scout Tower
39:20 Scout Tower
39:21 Scout Tower
39:23 Guard Tower
39:56 Guard Tower
40:00 Scout Tower
40:01 Scout Tower
40:02 Scout Tower
40:02 Scout Tower
40:13 Guard Tower
40:16 Scout Tower
40:16 Scout Tower
40:17 Scout Tower
40:18 Scout Tower
40:32 Scout Tower
40:32 Scout Tower
40:33 Scout Tower
40:33 Scout Tower
40:34 Scout Tower
40:34 Scout Tower
41:02 Guard Tower
41:48 Guard Tower
41:51 Guard Tower
43:45 Guard Tower
43:46 Farm
43:47 Farm
46:38 Scout Tower
46:39 Scout Tower
46:40 Scout Tower
46:40 Scout Tower
46:50 Scout Tower
46:54 Town Hall
47:25 Scout Tower
47:26 Scout Tower
47:26 Scout Tower
47:27 Scout Tower
47:56 Guard Tower
47:58 Scout Tower
47:59 Scout Tower
48:00 Guard Tower
48:35 Guard Tower
49:53 Guard Tower
49:55 Scout Tower
49:55 Scout Tower
49:56 Scout Tower
50:38 Guard Tower
51:54 Guard Tower
51:57 Scout Tower
53:04 Guard Tower
53:15 Scout Tower
53:15 Scout Tower
54:32 Scout Tower
54:32 Scout Tower
54:33 Scout Tower
54:34 Scout Tower
54:34 Scout Tower
54:35 Scout Tower
54:35 Scout Tower
54:36 Scout Tower
56:53 Guard Tower
» items
                
                | Lesser Clarity Potion | 2 |  | 
| Scroll of Speed | 1 |  | 
| Healing Salve | 3 |  | 
| Potion of Mana | 1 |  | 
| Potion of Healing | 2 |  | 
| Scroll of Regeneration | 4 |  | 
| Scroll of Town Portal | 6 |  | 
| Orb of Lightning | 1 |  | 
| Staff of Sanctuary | 1 |  | 
                21 total
  
                Chat log
          (00:12 / Allies) sylink: epic map
(00:12 / All) noinu: ;)
(00:17 / Allies) Chopstix: and i had to pick orc
(00:19 / All) rabid_possumsex: 10 min search time?
(00:20 / All) rabid_possumsex: lol
(00:25 / Allies) sylink: 2 ne ud and what
(00:42 / Allies) Chopstix: what hero human going
(00:43 / Allies) Chopstix: we need aoe
(00:44 / All) noinu: 10 mins, that's like 1/20th of the length of the game youre about to play
(00:45 / Allies) Chopstix: i can go tauren
(00:47 / Allies) sylink: getting wizard
(00:51 / All) rabid_possumsex: ?
(00:53 / Allies) blueflagon: dont give ema hint
(00:54 / Allies) blueflagon: dude
(00:55 / Allies) sylink: shhhh
(00:59 / Allies) noinu: lol
(01:02 / Allies) noinu: like it matters
(01:07 / All) cakeisgood: games arnt 200mins
(01:07 / Allies) Chopstix: WHAT HERO
(01:08 / Allies) sylink: hopefully they suck
(01:11 / Allies) blueflagon: with 2 ne
(01:11 / All) rabid_possumsex: haha
(01:13 / All) sylink: check my stats on longest games played
(01:15 / Allies) blueflagon: it could be glaives first
(01:16 / All) sylink: ty
(01:20 / Allies) Chopstix: im going TC Then
(01:25 / All) rabid_possumsex: i bet i beat you thre
(01:26 / Allies) blueflagon: bladem
(01:27 / Allies) sylink: get a blade
(01:27 / All) rabid_possumsex: there*
(01:28 / Allies) sylink: fagotron
(01:35 / Allies) sylink: get tc second if anything
(01:41 / Allies) Chopstix: going blade
(02:09 / Allies) sylink: predicting garg feed lmao
(02:23 / Allies) noinu: teamwork
(02:24 / Allies) noinu: lol
(02:28 / Allies) sylink: dh
(02:29 / Allies) blueflagon: lets go killa
(02:30 / Allies) blueflagon: a low hp hjero
(02:36 / Allies) blueflagon: claritin
(02:56 / Allies) sylink: shitty base
(04:06 / Allies) sylink: tell me orang ehas no acolytes
(04:13 / Allies) blueflagon: we got 2
(04:23 / Allies) blueflagon: and he coiled the one i almost got
(04:26 / Allies) Chopstix: got 5 wisp
(04:37 / Allies) blueflagon: coldie
(04:39 / Allies) blueflagon: red going hunts
(04:44 / Allies) blueflagon: oj teching i believe
(04:48 / Allies) blueflagon: lets go ther
(04:52 / Allies) Chopstix: wisp to the left
(04:55 / Allies) sylink: get oj aco
(04:56 / Allies) Chopstix: out of mana heal range
(05:06 / Allies) sylink: \w/e
(05:06 / Allies) blueflagon: hes got cold tower
(05:13 / Allies) blueflagon: dh
(05:14 / Allies) noinu: dh?
(05:15 / Allies) blueflagon: lets do it
(05:19 / Allies) blueflagon: sylink
(05:20 / Allies) blueflagon: chop
(05:42 / Allies) noinu: fs?
(05:51 / Allies) noinu: out imo
(06:42 / Allies) blueflagon: lets try n creep tat
(06:55 / Allies) blueflagon: gonna go wyvern
(07:02 / Allies) blueflagon: or raider
(07:16 / Allies) noinu: dk
(07:17 / Allies) noinu: imo
(07:31 / Allies) noinu: shit sry bro
(07:39 / Allies) noinu: fucking mana
(07:45 / Allies) blueflagon: no gay remarks pls
(07:52 / Allies) sylink: you like dongs
(07:57 / Allies) noinu: i meant i could have got the dude
(08:06 / Allies) blueflagon: i should have gotten it
(08:09 / Allies) blueflagon: but i noobd it
(08:12 / Allies) noinu: w/e
(08:17 / Allies) noinu: i sitll love you
(08:20 / Allies) noinu: still8
(08:23 / Allies) blueflagon: i got the tome
(08:29 / Allies) sylink: ahhh
(08:59 / Allies) noinu: nogood
(09:42 / Allies) blueflagon: hunt
(10:00 / Allies) sylink: get siege faggots
(13:22 / Allies) sylink: get em
(13:23 / Allies) sylink: blade
(13:30 / Allies) Chopstix: yas masta
(13:44 / Allies) sylink: neee d halp
(13:54 / Allies) sylink: fucking oil
(13:57 / Allies) noinu: omw
(14:11 / Allies) blueflagon: go
(14:14 / Allies) Chopstix: kotg?
(14:20 / Allies) sylink: nice
(14:45 / Allies) Chopstix: lmao
(14:46 / Allies) sylink: gj bros
(15:50 / All) Chopstix: faggit die
(15:52 / Allies) sylink: fuck these creeps
(15:57 / Allies) sylink: god
(16:14 / Allies) blueflagon: owl tihings
(16:39 / Allies) sylink: lmaooo 
(16:49 / Allies) blueflagon: ima drop an infernal on them
(17:05 / Allies) sylink: pink is funn
(17:10 / Allies) blueflagon: lol
(17:11 / Allies) blueflagon: he is
(17:41 / Allies) Chopstix: wood pls
(17:53 / Allies) blueflagon: flare
(17:54 / Allies) blueflagon: and see
(19:08 / Allies) sylink: do we have aa
(19:17 / Allies) noinu: not really no
(19:21 / Allies) blueflagon: get those
(19:29 / Allies) blueflagon: he didnt get amror upgrade
(19:30 / Allies) blueflagon: 340 hp
(19:57 / Allies) blueflagon: pass some gold chop
(19:58 / Allies) sylink: obnoxious
(20:06 / Allies) blueflagon: got the sdhade
(20:07 / Allies) blueflagon: ahha
(20:15 / Allies) blueflagon: lmao
(20:38 / Allies) noinu: :)
(20:43 / Allies) sylink: hilaridad
(20:45 / Allies) sylink: tower the map
(21:01 / Allies) blueflagon: wyverns down
(21:07 / Allies) sylink: more orc shops
(21:40 / Allies) sylink: take top right
(21:43 / Allies) sylink: can top get expos
(21:44 / Allies) sylink: ty
(21:56 / Allies) sylink: are they massing air at all
(22:07 / Allies) blueflagon: wyrms
(22:51 / Allies) Chopstix: wood puz
(22:57 / Allies) blueflagon: goldpls
(23:19 / Allies) blueflagon: chop gold me
(23:31 / Allies) Chopstix: clear shop please
(24:01 / Allies) sylink: lol
(24:02 / Allies) sylink: get upgrades
(24:03 / Allies) sylink: please
(24:39 / Allies) sylink: not enough towers imo
(24:43 / Allies) sylink: hit right side if you have units
(25:14 / Allies) blueflagon: batting his druids
(25:46 / Allies) sylink: making them tp maybe
(26:00 / All) Chopstix: yeah i would disconnect in shame as well
(26:24 / Allies) sylink: got pink main i guess
(26:31 / Allies) sylink: rofl
(26:56 / Allies) sylink: got pink main fyi
(27:13 / Allies) Chopstix: gj
(27:16 / Allies) sylink: cant walk through this base for shit
(27:22 / Allies) Chopstix: got 6
(27:29 / Allies) sylink: gj
(27:33 / Allies) sylink: get tier 3 fort or something
(27:44 / Allies) sylink: take morts
(27:46 / Allies) sylink: hit orange or something
(28:13 / Allies) blueflagon: orange has shade in his base
(28:14 / Allies) blueflagon: or somethign
(28:20 / Allies) sylink: so buy dust maybe
(28:22 / Allies) sylink: or hit the ne?
(28:33 / Allies) blueflagon: wheres your panad
(28:36 / Allies) sylink: he died
(28:40 / Allies) sylink: he back now
(28:51 / Allies) blueflagon: sto a second
(29:25 / Allies) sylink: lmao
(29:42 / Allies) Chopstix: queers
(29:47 / Allies) sylink: tower your way to it
(30:27 / Allies) Chopstix: take teal
(30:30 / Allies) sylink: free
(30:43 / All) rabid_possumsex: shit got one
(30:57 / Allies) sylink: use bat idk
(31:18 / Allies) sylink: they have wood advantage
(31:23 / Allies) sylink: hard core
(31:37 / Allies) sylink: conitue towers
(31:59 / Allies) blueflagon: be ware
(32:02 / Allies) Chopstix: take this
(32:29 / Allies) blueflagon: demo stockpile
(32:43 / Allies) sylink: incoming
(32:48 / Allies) sylink: bats needed 
(32:49 / Allies) sylink: chop
(33:14 / Allies) blueflagon: are runed bracers stackable?
(33:22 / Allies) sylink: idk
(33:26 / Allies) sylink: can you expand you stupid nigger
(33:31 / Allies) sylink: n,
(33:34 / Allies) sylink: chop took it
(33:48 / Allies) blueflagon: bat that shit
(33:49 / Allies) sylink: bats
(33:50 / Allies) sylink: en masse
(33:54 / Allies) sylink: bat the bats
(34:10 / Allies) blueflagon: coming to get heroes
(35:00 / Allies) blueflagon: in danger
(36:06 / Allies) sylink: got expo
(36:12 / Allies) Chopstix: flare shade
(36:13 / Allies) blueflagon: need to open fountains for bladems
(36:40 / Allies) sylink: tower in
(37:28 / Allies) blueflagon: its all air
(37:31 / Allies) blueflagon: and heroes
(37:47 / Allies) sylink: clear
(38:08 / Allies) sylink: hi
(38:09 / Allies) sylink: can you do something
(38:12 / Allies) sylink: wit morts
(38:14 / Allies) sylink: and army
(38:19 / Allies) sylink: they all down here
(38:19 / Allies) sylink: so
(38:44 / Allies) Chopstix: wood pls
(38:53 / Allies) Chopstix: can you cut down
(38:54 / Allies) Chopstix: so we take mid
(39:00 / Allies) sylink: need to towe rout
(39:01 / Allies) Chopstix: i goold who need
(39:05 / Allies) sylink: concentrate on this
(39:13 / Allies) sylink: use bats
(39:48 / Allies) Chopstix: wood please
(40:00 / Allies) Chopstix: NEED WOOD
(40:05 / Allies) sylink: dont have any fuck
(40:05 / Allies) Chopstix: WILL GIVE LOTS OF GOLD
(40:06 / Allies) sylink: make workers
(40:08 / Allies) sylink: buy a shredder
(40:30 / Allies) Chopstix: peons suck at wood chopping
(40:37 / Allies) sylink: so buy a shreddeer
(40:39 / Allies) blueflagon: grjunts should chop wood
(40:46 / Allies) blueflagon: teyd be perfect
(40:47 / Allies) blueflagon: big strong
(40:49 / Allies) blueflagon: and come with an axe
(41:00 / Allies) blueflagon: lets bladefury some bases
(41:14 / Allies) sylink: gay fire
(41:33 / Allies) sylink: what are they doing
(41:39 / Allies) blueflagon: kill wood peons
(41:54 / Allies) sylink: bats
(42:16 / Allies) sylink: dont do anything
(42:17 / Allies) sylink: about htis
(42:18 / Allies) sylink: at all
(42:29 / Allies) sylink: HELLO TOP
(42:34 / Allies) sylink: WHAT U DO
(42:41 / Allies) noinu: all air
(42:42 / Allies) noinu: what can i do
(43:16 / Allies) sylink: ok well
(43:29 / Allies) Chopstix: pumping bat
(43:30 / Allies) sylink: go hit orange base
(43:32 / Allies) sylink: or something
(43:35 / Allies) sylink: keep hitting
(43:48 / All) sylink: gg
(43:50 / Allies) blueflagon: lmao
(43:50 / Allies) Chopstix: hahahaha
(43:57 / Allies) blueflagon: blademaster ownign chims
(44:04 / Allies) blueflagon: except
(44:05 / Allies) blueflagon: that
(44:08 / Allies) blueflagon: my hero wouldnt move
(44:29 / Allies) sylink: lol
(44:32 / Allies) Chopstix: flare dragons
(44:34 / Allies) Chopstix: so i may sucide
(44:44 / Allies) noinu: where
(45:19 / Allies) blueflagon: all alone 
(45:29 / Allies) sylink: ud ran
(45:31 / Allies) blueflagon: hes all aoone
(45:58 / Allies) Chopstix: o thx
(46:00 / Allies) sylink: ud camping out
(46:02 / Allies) sylink: with no gold income
(46:04 / Allies) noinu: np
(46:06 / Allies) sylink: if you kill that
(46:08 / Allies) noinu: going to mass gry
(46:36 / Allies) blueflagon: i still have 22 k left in my original mine
(46:42 / Allies) blueflagon: they wont run out fo gold
(46:44 / Allies) sylink: welcome to friends enjoy your stay
(46:45 / Allies) noinu: same
(46:56 / Allies) Chopstix: switching to raiders
(47:30 / Allies) blueflagon: lol
(47:33 / Allies) sylink: lol
(48:05 / Allies) blueflagon: damn
(48:07 / Allies) sylink: gj
(48:08 / Allies) sylink: retard
(48:13 / Allies) blueflagon: ?
(48:16 / Allies) blueflagon: hwo am i a retard
(48:31 / Allies) blueflagon: i killed all his peons his tower
(48:34 / Allies) blueflagon: and like 6 bats
(48:36 / Allies) blueflagon: and his shadowhunter
(48:47 / Allies) sylink: gyros on the way
(48:50 / Allies) blueflagon: go
(49:31 / Allies) sylink: red at orange main
(49:53 / Allies) blueflagon: fountains open to bladem
(50:00 / Allies) sylink: tower it
(50:04 / Allies) sylink: expand for once
(50:05 / Allies) blueflagon: lumber
(50:19 / Allies) blueflagon: think my blademaster could beat
(50:20 / Allies) blueflagon: 3 rock golems?
(50:24 / Allies) sylink: no
(50:47 / Allies) blueflagon: bolting right one
(50:48 / Allies) blueflagon: wtf
(50:52 / Allies) sylink: they arent rebuilidng pink
(51:07 / Allies) Chopstix: na not really
(51:20 / Allies) Chopstix: images dont do damage correct?
(51:23 / Allies) sylink: got yellow altar
(51:26 / Allies) blueflagon: correft
(51:41 / Allies) sylink: my pc cannot handle all this shit
(51:54 / Allies) noinu: lumber pls
(52:01 / Allies) sylink: shitty gay video card
(52:15 / Allies) noinu: ty chop
(52:45 / Allies) Chopstix: queers
(53:11 / Allies) sylink: ud broken as usual
(53:27 / Allies) noinu: seding airforce
(53:34 / Allies) sylink: indeed
(53:35 / Allies) Chopstix: go
(53:36 / Allies) Chopstix: take web
(53:37 / Allies) sylink: bat go
(53:39 / Allies) sylink: ill tak eit
(53:58 / Allies) noinu: lol
(53:59 / All) Chopstix: AIR FORCE ONE INVINCIBLE WITH BARACK OBAMA PILOTING
(54:00 / Allies) sylink: ud fucked
(54:27 / Allies) sylink: airforce is down
(54:43 / Allies) blueflagon: stopppp
(54:56 / Allies) sylink: i have mass tp fyi
(55:08 / Allies) Chopstix: good 4 u
(55:24 / Allies) blueflagon: lets work on yellow next
(55:29 / Allies) sylink: he stopped making wyrms
(55:30 / Allies) sylink: for once
(56:34 / Allies) sylink: omw with siege soon
(56:48 / Allies) sylink: waiting on morts then coming
(56:55 / Allies) sylink: free
(57:13 / Allies) sylink: ready for this war
(57:22 / Allies) noinu: break down this wall
(57:29 / All) sylink: MR GORBACHEV
(57:44 / Allies) noinu: ill stun potm
(57:58 / Allies) noinu: lol
(58:11 / Allies) blueflagon: get reds hero
(58:11 / Allies) blueflagon: now
(58:16 / Allies) sylink: lmao back the fuck up
(58:20 / Allies) Chopstix: epic fail
(58:29 / All) Chopstix: massive, epci fail
(58:41 / All) sylink: FOR THE SWARM
(58:45 / All) madscottsman: like totally epic
(58:52 / Allies) blueflagon: hse gone backt o fiends
(58:54 / Allies) blueflagon: dnd
(59:07 / All) Chopstix: real jerk manuever orange
(59:26 / Allies) sylink: pursue
(59:32 / Allies) blueflagon: lets bag his dk
(59:37 / All) Chopstix: sorry capitalism always wins
(59:56 / All) sylink: by enoobs
(60:03 / All) rabid_possumsex: fuck you all